 Dungeon Crawl Stone Soup version 0.31-a0-188-g5e087ee2ca (webtiles) character file.

Game seed: 16996154191812709581

91 qw the Shooter (level 4, -1/25 HPs)
             Began as a Deep Elf Hunter on June 23, 2023.
             Slain by an orc
             ... wielding a +0 whip
              (3 damage)
             ... on level 3 of the Dungeon.
             The game lasted 00:00:29 (1365 turns).

qw the Shooter (Deep Elf Hunter)                    Turns: 1365, Time: 00:00:30

Health: -1/25      AC:  4    Str: 10    XL:     4   Next: 33%
Magic:  6/6        EV: 12    Int: 14    God:
Gold:   92         SH:  0    Dex: 18    Spells: 3/3 levels left

rFire   + . .        Y - +1 shortbow
rCold   . . .        (shield currently unavailable)
rNeg    . . .        e - +1 leather armour {rF+}
rPois   .            (no helmet)
rElec   .            (no cloak)
rCorr   .            (no gloves)
SInv    .            (no boots)
Will    .....        (no amulet)
Stlth   ++           (no ring)
HPRegen 0.24/turn    (no ring)
MPRegen 0.10/turn

%: no passive effects
@: lethally poisoned (-1 -> -3)
A: no striking features
a: no special abilities


You were on level 3 of the Dungeon.
You visited 1 branch of the dungeon, and saw 3 of its levels.

You collected 92 gold pieces.


   Skills:
 - Level 1.5 Fighting
 + Level 7.7 Ranged Weapons
 - Level 2.4 Dodging
 - Level 1.2 Stealth


You had 3 spell levels left.
You didn't know any spells.
Your spell library was empty.

Inventory:

Hand Weapons
 Y - a +1 shortbow (weapon)
Armour
 e - a +1 leather armour of fire resistance (worn)
 f - a +0 ring mail
 g - a +1 ring mail of cold resistance
Scrolls
 a - 6 scrolls of identify
Potions
 b - a potion of ambrosia {unknown}
 c - 2 potions of attraction {unknown}
 d - 2 potions of heal wounds {unknown}

Dungeon Overview and Level Annotations

Branches:
Dungeon (2/15)

Altars:


Message History

You shoot an arrow. The orc shouts!
The arrow hits the orc.
The orc is heavily wounded.
You hear a shout!
The orc misses you.
An orc comes into view. It is wielding a +0 whip.
You shoot an arrow.
The arrow hits the orc but does no damage.
The orc is heavily wounded.
The orc misses you.
You shoot an arrow. The arrow closely misses the orc.
The arrow barely misses the orc.
The orc barely misses you.
You shoot an arrow. The arrow barely misses the orc.
The arrow hits the orc.
The orc is heavily wounded.
You hear a shout!
The orc hits you with a +2 short sword of venom.
You are poisoned.
You hear a shout!
You shoot an arrow. The arrow hits the orc!
You kill the orc!
You feel very sick.
You shoot an arrow.
The arrow hits the orc but does no damage.
The orc is heavily wounded.
You feel sick.
You shoot an arrow. The arrow closely misses the orc.
The arrow hits the orc.
The orc is moderately wounded.
You feel sick.
An orc comes into view. It is wielding a +2 dagger of venom.
You shoot an arrow. The arrow hits the orc.
The orc is almost dead.
You feel sick.
The orc throws a boomerang.
The boomerang hits you. The orc barely misses you.
You shoot an arrow. The arrow closely misses the orc.
You feel sick. The orc hits you with a +0 whip. x2
You shoot an arrow. The arrow barely misses the orc.
You feel sick. The orc hits you with a +0 whip. x2
You die...

##...######.........#.....#
.......... ........##.....#
.......... ....##........#
.......... #.#.#####..%..#
##...##### #.#.#####.....#
#...# #.........##### #...#
#.###..###### #...#
#......#### #...#
###.o.@o..# #.##o##.# #.
#.. .# #. #.## # # #.# #.#
... ...


You could see 3 orcs.

Vanquished Creatures
  3 gnolls (D:3)
  An adder (D:2)
  A worm (D:2)
  A dart slug (D:3)
  An orc (D:3)
  2 bats (D:1)
  4 endoplasms
  14 giant cockroaches
  A goblin (D:1)
  3 hobgoblins
  3 quokkas
  2 ball pythons
  3 kobolds
  2 rats
41 creatures vanquished.

Notes
Turn   | Place    | Note
-------+----------+-------------------------------------------
     0 | D:1      | qw the Deep Elf Hunter began the quest for the Orb.
     0 | D:1      | Reached XP level 1. HP: 12/12 MP: 3/3
     0 | D:1      | 0 ||| qw: Version: 0.3-a-9-g12657ce
     0 | D:1      | 0 ||| qw: Game counter: 3562
     0 | D:1      | 0 ||| qw: Always use a shield: true
     0 | D:1      | 0 ||| qw: God list: Okawaru
     0 | D:1      | 0 ||| qw: Allow faded altars: false
     0 | D:1      | 0 ||| qw: Do Orc after D:15 true
     0 | D:1      | 0 ||| qw: Do second Lair branch before Depths: true
     0 | D:1      | 0 ||| qw: Lair rune preference: random
     0 | D:1      | 0 ||| qw: Plans: Normal
     0 | D:1      | 0 ||| PLANNING D:1-11
   233 | D:1      | Reached XP level 2. HP: 16/16 MP: 4/4
   267 | D:1      | Reached skill level 6 in Ranged Weapons
   667 | D:1      | 667 ||| UPGRADING to +1 leather armour of fire resistance.
   677 | D:1      | 677 ||| DROPPING +0 leather armour.
   678 | D:1      | 678 ||| READING 4 scrolls labelled XUL SEAVIMOUG.
   679 | D:1      | 679 ||| READING scroll labelled GEIPNU JE TUI.
   680 | D:1      | 680 ||| DROPPING scroll of butterflies.
   956 | D:2      | Reached XP level 3. HP: 14/20 MP: 5/5
  1128 | D:2      | You fall into a shaft and drop 1 floor!
  1169 | D:3      | Reached skill level 7 in Ranged Weapons
  1189 | D:3      | 1189 ||| Stepping ~*~*~tactically~*~*~ (outnumbered).
  1206 | D:3      | Reached XP level 4. HP: 21/25 MP: 6/6
  1302 | D:3      | Found a faded altar of an unknown god.
  1364 | D:3      | HP: 4/25 [orc/+0 whip (4)]
  1365 | D:3      | Slain by an orc

Levels and vault maps discovered:
D:1:      minmay_arrival_hallway, layout_basic
D:2:      layout_rooms
D:3:      minmay_roachtagon, layout_loops_cross, serial_shops,
          nicolae_shop_getting_attention, ebering_ecumenical_altar_sacrificial

Skill      XL: |  1  2  3 |
---------------+----------+-----
Ranged Weapons | 6 7 |  7.7
Fighting       | |  1.5
Dodging        | |  2.4
Stealth        | |  1.2

Action                     |  1- 3 |  4- 6 || total
---------------------------+-------+-------++-------
   Fire: Shortbow          |    87 |    37 ||   124
    Use: Scroll            |     2 |       ||     2
 Armour: Leather armour    |     8 |     1 ||     9
  Dodge: Dodged            |    16 |     9 ||    25

Table legend:
 A = Non-vault XP
 B = Vault XP
 C = Vault XP percentage of total XP
 D = Non-vault monster count
 E = Vault monster count
 F = Vault count percentage of total count
                 A         B        C        D         E       F
            +---------+---------+-------+---------+---------+-------
      Total |     108 |      22 |  16.9 |      30 |      11 |  26.8
            +---------+---------+-------+---------+---------+-------
        D:1 |      22 |       0 |   0.0 |      12 |       0 |   0.0
        D:2 |      30 |       0 |   0.0 |       9 |       0 |   0.0
        D:3 |      56 |      22 |  28.2 |       9 |      11 |  55.0
            +---------+---------+-------+---------+---------+-------
